Map: Ephemeron LE

Players

thermostaat (uThermal)

  • Race: Terran Terran
  • Spawn Location: 11:00

INnoVation - Winner!

  • Race: Terran Terran
  • Spawn Location: 5:00

Event: NationWars 2019

VOD

Have the link to the VOD?

Description

Time

  • Played on: Nov. 12, 2019, 2:03 p.m.
  • Length: 10:41
Show
View Real Time Build Order
Export as new Build Order

thermostaat Terran 

Build Orders: Gas First Reaper Expand, Liberator Opening 

Get SALT Encoding   

  12  0:01  SCV  
  13  0:13  SCV  
  14  0:17  Supply Depot  
  14  0:25  SCV  
  14  0:28  Refinery  
  15  0:38  SCV  
  16  0:45  Barracks  
  16  0:50  SCV  
  17  1:03  SCV  
  18  1:15  SCV  
  19  1:31  Reaper  
  19  1:32  Orbital Command  
  20  1:45  Command Center  
  20  1:57  SCV  
  20  2:00  Factory  
  21  2:06  Barracks Reactor  
  21  2:10  SCV  
  21  2:14  Supply Depot  
  22  2:22  SCV  
  23  2:23  Refinery  
  22  2:34  SCV  
  23  2:44  Starport  
  23  2:46  SCV  
  23  2:49  Hellion x2  
  28  2:57  Orbital Command  
  28  2:58  SCV  
  28  3:10  Hellion x2  
  28  3:11  Liberator  
  31  3:16  SCV  
  31  3:24  SCV  
  32  3:28  SCV  
  36  3:34  Hellion  
  36  3:40  Hellion  
  40  3:45  Supply Depot  
  40  3:46  SCV  
  40  3:48  SCV  
  42  3:56  Hellion  
  42  3:58  Barracks Tech Lab  
  42  4:01  Refinery  
  42  4:02  Hellion  
  46  4:06  SCV  
  46  4:07  SCV  
  48  4:10  Supply Depot  
  48  4:12  Starport Tech Lab  
  48  4:18  SCV  
  48  4:19  SCV  
  50  4:30  SCV  
  50  4:31  Raven, SCV  
  53  4:32  Siege Tank, Marine x2  
  59  4:39  Supply Depot  
  59  4:43  SCV x2  
  61  4:49  Marine x2  
  56  4:55  SCV  
  56  4:56  SCV  
  52  5:04  Siege Tank  
  49  5:07  SCV, Marine x2  
  49  5:08  SCV  
  49  5:13  Raven  
  55  5:15  Command Center  
  55  5:19  SCV  
  55  5:20  SCV  
  57  5:22  Refinery  
  57  5:25  Marine x2  
  59  5:30  Supply Depot  
  59  5:31  SCV  
  59  5:35  SCV  
  61  5:36  Siege Tank  
  61  5:41  Supply Depot  
  64  5:43  SCV  
  64  5:47  SCV  
  65  5:55  SCV  
  65  5:57  Supply Depot  
  66  5:59  SCV  
  67  6:06  Engineering Bay, Viking x2  
  67  6:07  SCV  
  67  6:08  Siege Tank  
  75  6:11  SCV  
  75  6:15  Marine  
  75  6:16  Stimpack  
  77  6:19  SCV  
  77  6:23  SCV  
  77  6:35  SCV  
  77  6:36  Viking x2  
  79  6:41  Siege Tank  
  82  6:50  Orbital Command  
  82  6:53  Marine  
  75  7:04  Orbital Command  
  75  7:05  SCV  
  75  7:06  Viking x2  
  63  7:17  SCV  
  63  7:18  SCV  
  60  7:29  SCV  
  61  7:30  SCV  
  61  7:31  Siege Tank  
  61  7:36  SCV  
  66  7:41  SCV  
  66  7:42  SCV  
  68  7:48  SCV, Viking  
  68  7:50  Refinery  
  71  7:52  Refinery  
  71  7:53  SCV  
  71  7:54  SCV  
  73  7:59  Marine  
  73  8:00  SCV  
  75  8:06  SCV x2  
  75  8:09  Siege Tank  
  81  8:12  SCV  
  81  8:18  SCV x2  
  83  8:21  Supply Depot  
  83  8:23  Liberator  
  83  8:24  SCV  
  83  8:25  Viking  
  86  8:30  SCV x2  
  88  8:37  SCV  
  92  8:41  Marine  
  92  8:42  SCV x2  
  95  8:49  SCV  
  95  8:52  Siege Tank  
  95  8:54  SCV  
  95  8:55  SCV  
  101  8:58  Supply Depot  
  101  9:01  SCV  
  102  9:06  SCV  
  102  9:07  SCV  
  104  9:12  Viking  
  104  9:13  SCV  
  107  9:18  SCV  
  107  9:19  SCV  
  109  9:24  Siege Tank  
  109  9:25  SCV  
  109  9:30  SCV, Supply Depot  
  109  9:31  SCV  
  115  9:34  Viking  
  115  9:37  SCV  
  118  9:44  Supply Depot  
  118  9:46  Command Center  
  114  9:57  Siege Tank  
  95  10:04  Viking  
Show
View Real Time Build Order
Export as new Build Order

INnoVation Terran - Winner!

Build Orders:  

Get SALT Encoding   

  12  0:00  SCV  
  13  0:13  SCV  
  14  0:17  Supply Depot  
  14  0:25  SCV  
  14  0:28  Refinery  
  15  0:38  SCV  
  16  0:45  Barracks  
  16  0:50  SCV  
  16  0:55  Refinery  
  17  1:03  SCV  
  18  1:15  SCV  
  19  1:31  Orbital Command  
  19  1:32  Reaper  
  20  1:36  Factory  
  20  1:46  Supply Depot  
  20  1:57  SCV  
  21  2:04  Reaper  
  22  2:09  SCV  
  23  2:20  Hellion  
  23  2:21  SCV  
  26  2:28  Command Center  
  26  2:33  SCV  
  26  2:36  Supply Depot  
  27  2:38  Barracks Reactor  
  27  2:41  Factory Tech Lab  
  27  2:45  SCV  
  28  2:52  Starport  
  28  2:57  SCV  
  29  3:04  Cyclone  
  32  3:09  SCV  
  31  3:22  SCV  
  31  3:24  Marine x2  
  34  3:34  SCV  
  35  3:35  Refinery  
  35  3:39  Raven  
  37  3:42  Orbital Command, Marine  
  37  3:46  SCV, Marine  
  40  3:49  Factory Tech Lab  
  40  3:58  SCV  
  41  4:04  Marine x2  
  41  4:08  Siege Tank  
  47  4:10  SCV x2  
  47  4:12  Supply Depot  
  48  4:22  SCV x2  
  50  4:28  Barracks, Supply Depot  
  50  4:30  Starport Reactor  
  50  4:31  Stimpack, Marine  
  50  4:34  SCV x2  
  51  4:41  Siege Tank  
  54  4:46  SCV x2  
  54  4:50  Marine  
  53  4:58  SCV x2  
  51  5:08  Medivac x2, Marine  
  51  5:10  SCV x2  
  58  5:15  Marine x2  
  58  5:19  Supply Depot  
  60  5:22  SCV  
  60  5:23  SCV, Siege Tank  
  60  5:27  Marine  
  66  5:31  Supply Depot  
  66  5:33  Marine x2  
  66  5:34  SCV  
  66  5:35  SCV  
  70  5:41  Supply Depot  
  70  5:45  Medivac x2  
  70  5:46  Marine  
  70  5:48  SCV  
  70  5:49  SCV  
  77  5:50  Marine  
  77  5:52  Marine  
  77  5:55  Siege Tank  
  82  6:04  Marine  
  82  6:06  Supply Depot  
  82  6:08  Marine  
  82  6:10  Marine  
  82  6:11  Combat Shield  
  85  6:16  Command Center  
  85  6:20  Refinery  
  85  6:25  Marine  
  86  6:26  Marine  
  86  6:27  Siege Tank  
  86  6:28  Marine  
  86  6:30  SCV x2  
  89  6:41  Barracks  
  87  6:47  Marine  
  87  6:48  Marine x2  
  87  6:49  SCV x2  
  88  7:01  SCV x2  
  88  7:05  Marine x2  
  88  7:06  Engineering Bay, Siege Tank, Marine  
  90  7:09  Engineering Bay  
  86  7:19  Medivac  
  86  7:20  Medivac  
  89  7:22  SCV  
  89  7:23  SCV, Marine x3  
  93  7:31  Orbital Command  
  93  7:32  Barracks x2  
  93  7:35  Barracks Reactor  
  94  7:39  Terran Infantry Weapons Level 1, Terran Infantry Armor Level 1  
  94  7:42  Siege Tank  
  96  7:45  SCV x2, Marine  
  96  7:46  Marine  
  96  7:47  Marine  
  101  7:54  Supply Depot  
  87  8:00  Medivac x2  
  91  8:08  Marine x3  
  91  8:09  SCV x3  
  97  8:14  Siege Tank, Marine  
  97  8:15  Refinery, Marine  
  97  8:16  Refinery  
  102  8:21  Barracks Reactor  
  102  8:22  Barracks Reactor  
  102  8:24  Supply Depot x2  
  102  8:26  Marine x3  
  105  8:32  Marine x2  
  104  8:44  Medivac, Marine x3  
  104  8:46  Siege Tank  
  104  8:47  Medivac  
  114  8:48  Supply Depot  
  114  8:50  Marine x2  
  112  8:59  Marine x4  
  112  9:01  Armory, Marine  
  112  9:02  Marine x2  
  118  9:08  SCV x3, Marine x2  
  123  9:13  Sensor Tower  
  123  9:18  Siege Tank  
  123  9:20  Marine  
  123  9:21  Marine x6  
  133  9:26  Marine x2  
  133  9:27  Orbital Command  
  135  9:32  Viking x2  
  138  9:43  Marine  
  138  9:44  Marine  
  138  9:45  Marine  
  141  9:56  Marine x4  
  141  9:57  Siege Tank  
  141  9:58  Marine  
  141  9:59  Marine  
  133  10:01  Marine  
  129  10:20  Marine x3  
Tags
 
Add a new tag
Caveats
  • Supply blocks, unpowered buildings, or Contaminate may cause inaccurate times.
  • Supply counts are checked every 10 seconds.